[Event "Titled Tuesday Blitz August 3 2021"]
[White "Cunjalo, Faris"]
[Black "Shyaamnikhil P"]
[WhiteFideId "14410710"]
[BlackFideId "5024218"]
[WhiteElo "2234"]
[BlackElo "2300"]
[Result "1-0"]
[Round "09"]
[TimeControl "180+1"]
[Date "2021.08.03"]
[WhiteClock "0:00:36"]
[BlackClock "0:00:13"]

1. d4 Nf6 2. c4 c5 3. d5 b5 4. cxb5 a6 5. e3 g6 6. Nc3 Bg7 7. Nf3 O-O 8. a4 e6 9. dxe6 fxe6 10. Be2 axb5 11. Bxb5 d5 12. O-O Na6 13. Re1 Nb4 14. Bd2 Bb7 15. Rc1 Qd6 16. Nb1 Na2 17. Rc2 Ne4 18. b3 Nb4 19. Bxb4 cxb4 20. Bd3 Nc3 21. Nxc3 bxc3 22. Nd4 Rac8 23. Qc1 e5 24. Nb5 Qf6 25. e4 d4 26. b4 Kh8 27. Qa3 Qe7 28. Qb3 Bc6 29. Na3 Be8 30. a5 Bf7 31. Qa4 Be8 32. b5 Rf4 33. f3 Bf8 34. Ra1 Rh4 35. a6 Bh6 36. Nc4 Bf4 37. g3 Qg5 38. Rg2 Be3+ 39. Kh1 Rh6 40. a7 Ra8 41. Qb4 Bd7 42. Qd6 Bh3 43. Nxe5 Bxg2+ 44. Kxg2 1-0


[Site "https://www.chess.com"]

[Event "Titled Tuesday Blitz August 3 2021"]
[White "Damjanovic, Vladimir"]
[Black "Quispe Arteaga, Gabriel"]
[WhiteFideId "903795"]
[BlackFideId "32059809"]
[WhiteElo "2560"]
[BlackElo "2687"]
[Result "1/2-1/2"]
[Round "09"]
[TimeControl "180+1"]
[Date "2021.08.03"]
[WhiteClock "0:00:04"]
[BlackClock "0:00:07"]

1. d4 Nf6 2. Nc3 d5 3. Bf4 e6 4. Nb5 Na6 5. e3 c6 6. Nc3 Nc7 7. Nf3 Bd6 8. Bd3 b6 9. O-O Bb7 10. Ne5 Qe7 11. a4 a5 12. e4 O-O 13. Re1 Rad8 14. exd5 Ncxd5 15. Nxd5 Nxd5 16. Bg3 Nb4 17. Be4 c5 18. c3 Bxe4 19. Rxe4 Bxe5 20. Bxe5 Nc6 21. Qh5 Nxe5 22. dxe5 Rd5 23. h3 Rfd8 24. Rg4 g6 25. Qh6 Rxe5 26. Rh4 Qf6 27. Qxh7+ Kf8 28. Qh8+ Ke7 29. Qxf6+ Kxf6 30. Rf4+ Ke7 31. b4 Rd3 32. bxa5 bxa5 33. Rf3 Rd2 34. Rb1 f5 35. h4 Re4 36. Rb5 Rxh4 37. g3 Rxa4 38. Rxc5 Ra1+ 39. Kg2 a4 40. c4 Kf6 41. Re3 Rad1 42. Rce5 Rd6 43. Ra5 Ra1 44. c5 Rc6 45. f4 g5 46. fxg5+ Kxg5 47. Kf3 Rf1+ 48. Ke2 Ra1 49. Rd3 Ra2+ 50. Kf3 e5 51. Rd6 e4+ 52. Ke3 Ra3+ 53. Kd4 Rd3+ 54. Ke5 Rc8 55. c6 Rxd6 56. Kxd6 e3 57. Kd7 e2 58. Kxc8 e1=Q 59. Ra7 Qc3 60. c7 a3 61. Kb8 Qb4+ 62. Rb7 Qd6 63. Ra7 Qb6+ 64. Rb7 Qd6 65. Ra7 Qxg3 66. Ka8 Qc3 67. Kb8 f4 68. c8=Q Qxc8+ 69. Kxc8 f3 70. Rxa3 Kf4 71. Kd8 f2 72. Ra7 Kf3 73. Rf7+ Ke2 74. Kd7 f1=Q 75. Rxf1 Kxf1 1/2-1/2


[Site "https://www.chess.com"]

[Event "Titled Tuesday Blitz August 3 2021"]
[White "Daulyte-Cornette, Deimante"]
[Black "Terletsky, Oleg"]
[WhiteFideId "12802859"]
[BlackFideId "14116774"]
[WhiteElo "2285"]
[BlackElo "2094"]
[Result "0-1"]
[Round "09"]
[TimeControl "180+1"]
[Date "2021.08.03"]
[WhiteClock "0:00:14"]
[BlackClock "0:01:46"]

1. e4 e5 2. Bc4 Nf6 3. Nc3 Nc6 4. d3 Bc5 5. f4 d6 6. f5 Nd4 7. Nh3 c6 8. Bg5 b5 9. Bb3 a5 10. a3 Qb6 11. Ba2 a4 12. Bxf6 gxf6 13. Qh5 Ra7 14. O-O-O b4 15. Nxa4 Rxa4 16. Qxf7+ Kd8 17. Qxf6+ Kc7 18. Qxh8 bxa3 19. Qxh7+ Kb8 20. b3 Qb4 21. Rd2 Ra7 22. Kd1 Rxh7 0-1


[Site "https://www.chess.com"]

[Event "Titled Tuesday Blitz August 3 2021"]
[White "Dobre, Claudiu-Cristian"]
[Black "Gerzhoy, Leonid"]
[WhiteFideId "1211854"]
[BlackFideId "2806126"]
[WhiteElo "2259"]
[BlackElo "2512"]
[Result "1/2-1/2"]
[Round "09"]
[TimeControl "180+1"]
[Date "2021.08.03"]
[WhiteClock "0:00:11"]
[BlackClock "0:00:12"]

1. c4 Nf6 2. Nc3 e5 3. Nf3 d6 4. d4 Nbd7 5. e4 Be7 6. Be2 O-O 7. O-O c6 8. Qc2 a6 9. Rd1 Qc7 10. h3 b5 11. b3 Bb7 12. Be3 Rac8 13. Rac1 Qb8 14. Qb1 Rfe8 15. d5 cxd5 16. cxd5 Bd8 17. a4 b4 18. Na2 a5 19. Bb5 Rf8 20. Rxc8 Bxc8 21. Nd2 Bb6 22. Bxb6 Qxb6 23. Nc4 Qc7 24. Rc1 Nc5 25. f3 Nh5 26. Qc2 Nf4 27. Nxd6 Qxd6 28. Qxc5 Qg6 29. Bf1 Bxh3 30. Rc2 h5 31. Nc1 Rc8 32. Qf2 Rxc2 33. Qxc2 Bd7 34. Kh2 h4 35. Qf2 Qg5 36. Bc4 Kh7 37. d6 f5 38. Nd3 Nxd3 39. Bxd3 fxe4 40. Bxe4+ Kh6 41. g3 hxg3+ 42. Qxg3 Qxg3+ 43. Kxg3 Kg5 44. Bd5 Kf6 45. Kf2 g5 46. Kg3 Kf5 47. Bc4 Kf6 48. Bd5 Kf5 49. Bc4 Kf6 50. Bd5 1/2-1/2


[Site "https://www.chess.com"]

[Event "Titled Tuesday Blitz August 3 2021"]
[White "Dzhaparov, Medet"]
[Black "Iskusnyh, Sergei"]
[WhiteFideId "13803689"]
[BlackFideId "4120027"]
[WhiteElo "1702"]
[BlackElo "2492"]
[Result "0-1"]
[Round "09"]
[TimeControl "180+1"]
[Date "2021.08.03"]
[WhiteClock "0:00:01"]
[BlackClock "0:00:13"]

1. d4 d5 2. c4 e6 3. Nc3 dxc4 4. e3 Nf6 5. Bxc4 a6 6. a4 c5 7. Nf3 Nc6 8. O-O Qc7 9. Qe2 Be7 10. d5 exd5 11. Nxd5 Nxd5 12. Bxd5 O-O 13. Bd2 Bg4 14. Bc3 Rad8 15. Rfd1 Nb4 16. Bb3 Bd6 17. h3 Bh5 18. Qc4 Qe7 19. Rxd6 Qxd6 20. Ne5 Nc6 21. Nxc6 Qxc6 22. a5 Bg6 23. Rc1 Bd3 24. Qg4 Qg6 25. Qf4 c4 26. Bxc4 Bxc4 27. Qxc4 Rc8 28. Qb4 Qc6 29. Rd1 Rfd8 30. Rd4 Rxd4 31. Qxd4 f6 32. g4 Qc5 33. Qe4 Qc6 34. Qd4 h6 35. h4 Qe6 36. Kh2 Rc6 37. Kg2 Rd6 38. Qa7 Qxg4+ 0-1


[Site "https://www.chess.com"]

[Event "Titled Tuesday Blitz August 3 2021"]
[White "Egorov, Evgeny"]
[Black "Turzo, Attila"]
[WhiteFideId "13700421"]
[BlackFideId "704954"]
[WhiteElo "2422"]
[BlackElo "2434"]
[Result "1-0"]
[Round "09"]
[TimeControl "180+1"]
[Date "2021.08.03"]
[WhiteClock "0:00:59"]
[BlackClock "0:01:03"]

1. e4 c5 2. Nc3 e6 3. Nge2 Nc6 4. g3 a6 5. Bg2 b5 6. O-O Bb7 7. d4 cxd4 8. Nxd4 Qc7 9. Re1 Rc8 10. a4 b4 11. Nd5 Qa5 12. Bf4 d6 13. Qd2 Nxd4 14. Qxd4 e5 15. Bxe5 dxe5 16. Qxe5+ Kd8 17. Rad1 Rc5 18. Nb6+ Bd5 19. Qb8+ Ke7 20. exd5+ Kf6 21. Nd7+ Kg6 22. Nxf8+ Kh6 23. Qf4+ g5 24. Qxf7 Qd8 25. Re6+ 1-0


[Site "https://www.chess.com"]

[Event "Titled Tuesday Blitz August 3 2021"]
[White "Erdogdu, Mert"]
[Black "Eternauta2400"]
[WhiteFideId "6301495"]
[WhiteElo "2485"]
[BlackElo "2529"]
[Result "0-1"]
[Round "09"]
[TimeControl "180+1"]
[Date "2021.08.03"]
[WhiteClock "0:00:01"]
[BlackClock "0:00:05"]

1. e4 e5 2. Nf3 Nc6 3. Bc4 Nf6 4. d3 Bc5 5. O-O O-O 6. a4 a5 7. Nc3 h6 8. h3 d6 9. Nd5 Nxd5 10. Bxd5 Ne7 11. Bb3 Ng6 12. c3 Bb6 13. d4 Qf6 14. Be3 Nf4 15. Bxf4 Qxf4 16. Qd3 c6 17. Rad1 Re8 18. Rfe1 Qf6 19. Nh2 Be6 20. Ng4 Bxg4 21. hxg4 Re7 22. g3 exd4 23. cxd4 Qg5 24. Qf3 Rae8 25. Kg2 d5 26. e5 f6 27. exf6 Qxf6 28. Qxf6 gxf6 29. Rh1 Kg7 30. Rd2 Re1 31. Rxe1 Rxe1 32. Bc2 Kf7 33. Bf5 Ke7 34. Kf3 Kd6 35. b3 Ba7 36. Rd3 b5 37. Re3 Rd1 38. Re6+ Kc7 39. Rxf6 Bxd4 40. Rxh6 Rd2 41. g5 Rxf2+ 42. Kg4 bxa4 43. bxa4 c5 44. g6 c4 45. g7 Bxg7 46. Rh7 d4 47. Rxg7+ Kd6 48. Rd7+ Kc5 49. Kg5 d3 50. g4 d2 51. Bc2 Kb4 52. Kg6 Kc3 53. Bf5 Rf1 54. g5 d1=Q 55. Rxd1 Rxd1 56. Kf6 Rd8 57. g6 Kb2 58. Ke7 Rb8 59. Bd7 c3 60. Be8 c2 61. g7 c1=Q 62. g8=Q Qe3+ 63. Kd7 Qd4+ 64. Kc6 Rc8+ 65. Kb7 Rc5 66. Qg2+ Rc2 67. Qg6 Qb4+ 68. Bb5 Qe7+ 69. Kb8 Qd8+ 70. Kb7 Rc7+ 71. Ka6 Qa8+ 72. Kb6 Qb8+ 73. Ka6 Ra7# 0-1


[Site "https://www.chess.com"]

[Event "Titled Tuesday Blitz August 3 2021"]
[White "FGHSMN"]
[Black "Gokerkan, Cem Kaan"]
[BlackFideId "6336760"]
[WhiteElo "2548"]
[BlackElo "2361"]
[Result "0-1"]
[Round "09"]
[TimeControl "180+1"]
[Date "2021.08.03"]
[WhiteClock "0:00:17"]
[BlackClock "0:01:26"]

1. e4 c6 2. d4 d5 3. Nc3 dxe4 4. Nxe4 Nf6 5. Nxf6+ exf6 6. c3 Bd6 7. Bd3 O-O 8. Qc2 Re8+ 9. Ne2 h5 10. O-O h4 11. Bf4 Bg4 12. f3 Be6 13. Qd2 Bf8 14. c4 Na6 15. a3 Nc7 16. Rad1 Qd7 17. Kh1 b5 18. cxb5 Nxb5 19. Bxb5 cxb5 20. Nc3 Bc4 21. Rfe1 h3 22. gxh3 Qxh3 23. Qg2 Qf5 24. Be3 Rad8 25. Ne4 Bd5 26. Bf2 Re6 27. Bh4 Rde8 28. h3 Rxe4 29. fxe4 Rxe4 30. Rf1 Rf4 31. Rxf4 Bxg2+ 32. Kxg2 Qxf4 33. Bg3 Qe4+ 34. Kf2 Qc2+ 35. Ke1 Qxb2 36. d5 Qxa3 37. d6 Qxg3+ 0-1


[Site "https://www.chess.com"]

[Event "Titled Tuesday Blitz August 3 2021"]
[White "Florescu, Codrut-Constantin"]
[Black "Ouellet, Maili-Jade"]
[WhiteFideId "1202200"]
[BlackFideId "2620472"]
[WhiteElo "2243"]
[BlackElo "1886"]
[Result "0-1"]
[Round "09"]
[TimeControl "180+1"]
[Date "2021.08.03"]
[WhiteClock "0:00:20"]
[BlackClock "0:00:08"]

1. d4 d5 2. c4 e6 3. Nf3 Nf6 4. Bg5 Be7 5. e3 O-O 6. Nc3 Nbd7 7. Qc2 c6 8. Rd1 h6 9. Bh4 b6 10. cxd5 cxd5 11. Bd3 Bb7 12. O-O Rc8 13. Qe2 Ne4 14. Bxe7 Qxe7 15. Bxe4 dxe4 16. Nd2 f5 17. a3 e5 18. d5 Nc5 19. Qh5 Ba6 20. d6 Qe6 21. d7 Rcd8 22. Rfe1 Nd3 23. Re2 Nxb2 24. Rb1 Bxe2 25. Qxe2 Nd3 26. f3 Rxd7 27. fxe4 Rfd8 28. exf5 Qxf5 29. Nde4 Kh8 30. Rf1 Qe6 31. Qh5 Qe8 32. Qh4 Qg6 33. Ng3 Nc5 34. e4 Rd3 35. Nd5 Ne6 36. Rf5 Ng5 37. Qg4 Qd6 38. h4 Qc5+ 39. Kh2 Ne6 40. Rxe5 Nd4 41. Re7 Rg8 42. Nh5 Nf3+ 43. gxf3 Rxd5 44. exd5 Qxe7 45. Nf4 Qd6 46. Kh3 Kh7 47. Qf5+ g6 48. Qf7+ Rg7 49. Qe6 Qxf4 50. h5 Qf5+ 51. Qxf5 gxf5 52. d6 Rd7 53. Kg3 Rxd6 54. Kf4 Rd5 0-1


[Site "https://www.chess.com"]

[Event "Titled Tuesday Blitz August 3 2021"]
[White "Gallegos Diaz, Carlos Alberto"]
[Black "Rottenwohrer Suarez, Juan"]
[WhiteFideId "3900886"]
[BlackFideId "32068182"]
[WhiteElo "2362"]
[BlackElo "2158"]
[Result "1-0"]
[Round "09"]
[TimeControl "180+1"]
[Date "2021.08.03"]
[WhiteClock "0:00:05"]
[BlackClock "0:00:01"]

1. e4 c5 2. Nf3 g6 3. d3 Nc6 4. Be2 Bg7 5. O-O Nf6 6. c3 e5 7. Re1 O-O 8. h3 d5 9. exd5 Nxd5 10. Na3 f6 11. Bf1 b6 12. Nc4 Bb7 13. a4 Qc7 14. a5 Rad8 15. axb6 axb6 16. Qb3 Kh8 17. Bd2 Ra8 18. g3 Rfd8 19. Bg2 Rab8 20. Na3 Nde7 21. Nb5 Qd7 22. Re3 Na5 23. Qc2 Qxb5 24. c4 Qb3 25. Qc1 Rxd3 26. Ra3 Rxe3 27. Rxb3 Rxb3 28. Bc3 Nf5 29. Nd2 Bxg2 30. Kxg2 Nd4 31. Nxb3 Naxb3 32. Qd1 f5 33. Bxd4 Nxd4 34. g4 f4 35. f3 g5 36. h4 h6 37. Qa4 Rd8 38. hxg5 hxg5 39. Qa7 Rf8 40. Qxb6 e4 41. Qxc5 exf3+ 42. Kf2 Ne6 43. Qd5 Bf6 44. c5 Nd4 45. c6 Rc8 46. c7 Rxc7 47. Qa8+ Kg7 48. Qe4 1-0


[Site "https://www.chess.com"]

[Event "Titled Tuesday Blitz August 3 2021"]
[White "Gontcharov, Vladislav"]
[Black "Alavkin, Arseny"]
[WhiteFideId "4123492"]
[BlackFideId "4120612"]
[WhiteElo "2503"]
[BlackElo "2401"]
[Result "1-0"]
[Round "09"]
[TimeControl "180+1"]
[Date "2021.08.03"]
[WhiteClock "0:00:24"]
[BlackClock "0:01:45"]

1. e4 e6 2. d4 d5 3. Bd3 dxe4 4. Bxe4 Nf6 5. Bf3 c5 6. Ne2 Nc6 7. Bxc6+ bxc6 8. O-O Ba6 9. Re1 Bxe2 10. Qxe2 cxd4 11. c3 dxc3 12. Nxc3 Be7 13. Qc4 Qc7 14. Bf4 Qb7 15. b3 O-O 16. Be5 Rfd8 17. Rac1 Nd5 18. Ne4 Rac8 19. Qe2 Bf8 20. Rc4 Nb6 21. Nf6+ Kh8 22. Rh4 gxf6 23. Bxf6+ Bg7 24. Qh5 Kg8 25. Qxh7+ Kf8 26. Qh8+ Bxh8 27. Rxh8# 1-0


[Site "https://www.chess.com"]

[Event "Titled Tuesday Blitz August 3 2021"]
[White "Grachev, Boris"]
[Black "Zubov, Alexander"]
[WhiteFideId "4129199"]
[BlackFideId "14109409"]
[WhiteElo "2595"]
[BlackElo "2740"]
[Result "1/2-1/2"]
[Round "09"]
[TimeControl "180+1"]
[Date "2021.08.03"]
[WhiteClock "0:00:05"]
[BlackClock "0:00:08"]

1. d4 Nf6 2. Bf4 g6 3. c3 Bg7 4. h3 d6 5. Nd2 O-O 6. Ngf3 b6 7. e4 Bb7 8. Bd3 e5 9. Bg5 Nbd7 10. O-O h6 11. Bh4 Qe8 12. Bg3 exd4 13. cxd4 Nxe4 14. Re1 f5 15. Qc2 Ndf6 16. Qxc7 Rf7 17. Qc2 Qd8 18. Bh2 Kh7 19. Qb3 Re7 20. Qa3 Qd7 21. Rac1 b5 22. Nb3 Bd5 23. Na5 a6 24. Bc2 Rae8 25. Rf1 Re6 26. Bb3 g5 27. Bxd5 Nxd5 28. Qb3 Nef6 29. Qc2 Re2 30. Qc6 Rxb2 31. Qxd7 Nxd7 32. Bxd6 Rxa2 33. Nc6 Re6 34. Nb4 Nxb4 35. Bxb4 Ra4 36. d5 Re4 37. Bd6 Nf6 38. Rfd1 g4 39. Nh4 Red4 40. Rxd4 Rxd4 41. Nxf5 Rxd5 42. hxg4 Nxg4 43. Nxg7 Rxd6 44. Nf5 Rb6 45. Rc7+ Kg6 46. Ne7+ Kg5 47. f4+ Kh4 48. Nf5+ Kh5 49. Rg7 Rf6 50. Ng3+ Kh4 51. Ne4 Re6 52. g3+ Kh3 53. Nf2+ Nxf2 54. Kxf2 b4 55. Kf3 Rc6 56. Rb7 Rc3+ 57. Ke4 b3 58. f5 Rxg3 59. f6 Rg6 60. f7 Rf6 61. Rxb3+ Kg4 62. Rb7 Kg5 63. Ra7 h5 64. Rxa6 Rxf7 65. Ra8 Kg4 66. Rg8+ Kh3 67. Ke3 h4 68. Ke2 Kh2 69. Rg6 h3 70. Rg8 Rf6 71. Rg5 Ra6 72. Rg7 Ra2+ 73. Kf1 Rg2 74. Rh7 Rg6 75. Rf7 Kh1 76. Kf2 Rg1 77. Rh7 Rg2+ 78. Kf1 Kh2 79. Rf7 Ra2 80. Rf6 Ra1+ 81. Kf2 Ra3 82. Rf7 Ra4 83. Kf1 Rg4 84. Kf2 Rg2+ 85. Kf1 Kh1 86. Rf6 Ra2 87. Rf7 Ra3 88. Rf8 Rg3 89. Kf2 Rg1 90. Rh8 h2 91. Rf8 Ra1 92. Rf7 Ra2+ 93. Kf1 Ra1+ 94. Kf2 Ra2+ 95. Kf1 Ra1+ 96. Kf2 1/2-1/2


[Site "https://www.chess.com"]

[Event "Titled Tuesday Blitz August 3 2021"]
[White "Hansen, Eric"]
[Black "Ivanisevic, Ivan"]
[WhiteFideId "2606771"]
[BlackFideId "912417"]
[WhiteElo "2568"]
[BlackElo "2499"]
[Result "1-0"]
[Round "09"]
[TimeControl "180+1"]
[Date "2021.08.03"]
[WhiteClock "0:01:41"]
[BlackClock "0:00:12"]

1. Nf3 d5 2. g3 g6 3. Bg2 Bg7 4. O-O e5 5. d3 Nc6 6. e4 dxe4 7. dxe4 Qxd1 8. Rxd1 Bg4 9. c3 Nf6 10. Nbd2 O-O-O 11. Re1 h6 12. Nc4 Rhe8 13. h3 Be6 14. Ncxe5 Nxe5 15. Nxe5 Nxe4 16. Rxe4 Rd1+ 17. Kh2 Bd5 18. Rd4 Rxc1 19. Rxc1 Bxg2 20. Kxg2 Rxe5 21. Rcd1 Bf6 22. Rf4 Re6 23. Rd3 Rb6 24. b4 Rc6 25. b5 Rb6 26. c4 a6 27. a4 axb5 28. axb5 Re6 29. Rdf3 Be7 30. Rxf7 b6 31. Re3 1-0


[Site "https://www.chess.com"]

[Event "Titled Tuesday Blitz August 3 2021"]
[White "Harshavardhan G B"]
[Black "Madaminov, Mukhiddin"]
[WhiteFideId "25059009"]
[BlackFideId "14210703"]
[WhiteElo "2569"]
[BlackElo "2740"]
[Result "1-0"]
[Round "09"]
[TimeControl "180+1"]
[Date "2021.08.03"]
[WhiteClock "0:01:01"]
[BlackClock "0:00:37"]

1. e4 e5 2. Nc3 Nc6 3. Bc4 Nf6 4. d3 Na5 5. Bb3 Nxb3 6. axb3 d5 7. Bg5 dxe4 8. Bxf6 Qxf6 9. dxe4 c6 10. Nge2 Bc5 11. O-O O-O 12. Kh1 Rd8 13. Qe1 Be6 14. f4 exf4 15. Nxf4 Qh6 16. Qg3 Bd6 17. Nce2 Be5 18. Qf3 a6 19. c3 Rd2 20. h3 Rad8 21. Nd4 Bxd4 22. cxd4 R2xd4 23. Ra5 Qf6 24. Kh2 h6 25. Rh5 Rd2 26. Qg3 Rxb2 27. e5 Qe7 28. Rxh6 Rxb3 29. Ng6 Rxg3 30. Rh8# 1-0


[Site "https://www.chess.com"]

[Event "Titled Tuesday Blitz August 3 2021"]
[White "He, Anthony"]
[Black "Srihari L R"]
[WhiteFideId "2088215"]
[BlackFideId "46617116"]
[WhiteElo "2353"]
[BlackElo "2121"]
[Result "0-1"]
[Round "09"]
[TimeControl "180+1"]
[Date "2021.08.03"]
[WhiteClock "0:00:02"]
[BlackClock "0:00:09"]

1. d4 d5 2. c4 e6 3. cxd5 exd5 4. Nc3 c5 5. Nf3 Nc6 6. g3 Nf6 7. Bg2 cxd4 8. Nxd4 Bc5 9. Nb3 Bb6 10. O-O d4 11. Ne4 Nxe4 12. Bxe4 O-O 13. Bf4 Re8 14. Bg2 Bg4 15. Re1 Qf6 16. h3 Bh5 17. Nd2 g5 18. g4 Qxf4 19. gxh5 Ba5 20. e3 dxe3 21. fxe3 Rxe3 22. Rf1 Qg3 23. Nc4 Bc7 24. Nxe3 Qxe3+ 25. Rf2 Bb6 26. Qf3 Qxf3 27. Bxf3 Rd8 28. Rf1 Rd2 29. Kg2 Bxf2 30. Rxf2 Rxf2+ 31. Kxf2 Na5 32. Bd5 Kf8 33. Ke3 Ke7 34. Ke4 h6 35. Kf5 Nc6 36. a3 Nd4+ 37. Ke5 Nc6+ 38. Kf5 Nd8 39. Ke5 Ne6 40. Bxb7 Nf4 41. h4 Nxh5 42. hxg5 hxg5 43. Kf5 f6 44. Bf3 Ng7+ 45. Kg6 Ne6 46. b4 Nd4 47. Be4 g4 48. a4 Ke6 49. Kh5 f5 50. Ba8 Ke5 51. b5 g3 52. Kh4 f4 53. Kg4 Nc2 54. a5 Ne3+ 55. Kf3 Nc4 56. b6 axb6 57. a6 b5 58. Bc6 b4 59. a7 Nb6 60. Ba4 Kd4 0-1


[Site "https://www.chess.com"]

[Event "Titled Tuesday Blitz August 3 2021"]
[White "Hjartarson, Johann"]
[Black "Salinas Herrera, Pablo"]
[WhiteFideId "2300044"]
[BlackFideId "3407128"]
[WhiteElo "2610"]
[BlackElo "2816"]
[Result "0-1"]
[Round "09"]
[TimeControl "180+1"]
[Date "2021.08.03"]
[WhiteClock "0:01:27"]
[BlackClock "0:02:17"]

1. e4 e5 2. Nf3 Nc6 3. Bc4 Bc5 4. O-O Nf6 5. d3 O-O 6. Nc3 h6 7. a3 a6 8. h3 d6 9. Ne2 Be6 10. Bxe6 fxe6 11. Ng3 Qe8 12. c3 Ba7 13. d4 exd4 14. cxd4 Qg6 15. Qb3 Nxe4 16. Nxe4 Qxe4 17. Qxb7 Bb6 18. Re1 Qd5 0-1


[Site "https://www.chess.com"]

[Event "Titled Tuesday Blitz August 3 2021"]
[White "Hoffmann, Asa"]
[Black "Aldokhin, Ivan"]
[WhiteFideId "2001470"]
[BlackFideId "24115720"]
[WhiteElo "2117"]
[BlackElo "2306"]
[Result "0-1"]
[Round "09"]
[TimeControl "180+1"]
[Date "2021.08.03"]
[WhiteClock "0:00:09"]
[BlackClock "0:00:29"]

1. d4 Nf6 2. Bg5 e6 3. Nd2 d6 4. e3 h6 5. Bh4 g5 6. Bg3 Bg7 7. Bd3 Nc6 8. c3 Qe7 9. Ne2 Bd7 10. b4 e5 11. O-O h5 12. h4 Nd5 13. hxg5 h4 14. Bh2 h3 15. g3 Qxg5 16. e4 Nf6 17. d5 Ne7 18. f3 Qe3+ 19. Rf2 Qxd3 20. Qe1 Bh6 21. Nf1 Rg8 22. a4 Nxe4 23. fxe4 Qxe4 24. Qb1 Qxb1 25. Rxb1 Nxd5 26. c4 Ne3 27. c5 Bxa4 28. Nc3 Bc6 29. b5 Bg2 30. cxd6 cxd6 31. Nd2 Ng4 32. Nde4 Ke7 33. Nd5+ Kf8 34. Nef6 Bxd5 35. Nxd5 Nxf2 36. Kxf2 Rc8 37. Rb2 Rc5 38. Nf6 Bc1 39. Re2 Rxb5 40. Nxg8 Kxg8 41. g4 f6 42. Bg3 Bg5 43. Kf3 d5 44. Rc2 e4+ 45. Kf2 d4 0-1


[Site "https://www.chess.com"]

[Event "Titled Tuesday Blitz August 3 2021"]
[White "Indjic, Aleksandar"]
[Black "Weetik, Vjacheslav"]
[WhiteFideId "911925"]
[BlackFideId "4153472"]
[WhiteElo "2643"]
[BlackElo "2469"]
[Result "0-1"]
[Round "09"]
[TimeControl "180+1"]
[Date "2021.08.03"]
[WhiteClock "0:00:08"]
[BlackClock "0:00:12"]

1. d4 d5 2. Nf3 e6 3. c4 c6 4. Qc2 Nd7 5. Nbd2 f5 6. e3 Bd6 7. b3 Ngf6 8. Bb2 O-O 9. Ne5 Ne4 10. a3 a5 11. Be2 Qh4 12. g3 Qh6 13. h3 Nxe5 14. dxe5 Bc5 15. cxd5 Nxf2 16. Rf1 Qxe3 17. Qc3 Nxh3 18. d6 Bd7 19. Nc4 Qg5 20. Bc1 f4 21. g4 Qh4+ 22. Kd2 f3 23. Rxf3 Rxf3 24. Bxf3 Qf2+ 25. Be2 Bd4 26. Qxh3 Bxa1 27. Bb2 Bxb2 28. Nxb2 Qf4+ 29. Qe3 Qxe3+ 30. Kxe3 b6 31. Nc4 Rb8 32. Bf3 Kf7 33. Be4 h6 34. Kf4 g5+ 35. Ke3 Ke8 36. Nd2 Kd8 37. Bd3 Be8 38. Bc4 Bf7 39. Ne4 Kd7 40. Nf6+ Kd8 41. Bd3 Rb7 42. Kd4 Ra7 43. Be4 c5+ 44. Kc4 a4 45. b4 cxb4 46. Kxb4 Be8 47. Bd3 Ra5 48. Nxe8 Kxe8 49. Bb5+ Kd8 50. Kc4 Kc8 51. Kb4 Kd8 52. Kc4 Ra7 53. Kb4 Rf7 54. Bc4 Rf4 55. Kb5 Re4 56. Bd3 Rxe5+ 57. Kc6 Rc5+ 58. Kxb6 Rd5 59. Bc2 Rxd6+ 60. Kc5 Rd5+ 61. Kc6 Rd4 62. Kc5 Rf4 63. Kd6 Rxg4 64. Kxe6 Rg3 65. Kd6 Rxa3 66. Be4 Ra1 67. Bd5 a3 0-1


[Site "https://www.chess.com"]

[Event "Titled Tuesday Blitz August 3 2021"]
[White "Isajevsky, Anton"]
[Black "Ismagilov, Damir"]
[WhiteFideId "4142500"]
[BlackFideId "34199982"]
[WhiteElo "2510"]
[BlackElo "2075"]
[Result "1-0"]
[Round "09"]
[TimeControl "180+1"]
[Date "2021.08.03"]
[WhiteClock "0:00:04"]
[BlackClock "0:00:10"]

1. c4 c5 2. Nc3 Nc6 3. Nf3 Nf6 4. e3 e6 5. a3 Be7 6. d4 cxd4 7. exd4 d5 8. c5 O-O 9. Bb5 Ne4 10. O-O f5 11. Bxc6 bxc6 12. Bf4 g5 13. Be5 Qe8 14. Nd2 Qg6 15. f3 Nxc3 16. bxc3 Ba6 17. Re1 h5 18. Rb1 f4 19. c4 g4 20. Rb3 Kh7 21. Qb1 Rf5 22. Rb7 Bxb7 23. Qxb7 Re8 24. cxd5 cxd5 25. c6 Rff8 26. Qd7 Kh6 27. c7 Bh4 28. Re2 Rg8 29. Bxf4+ Bg5 30. Bxg5+ Kxg5 31. Re5+ Kh6 32. c8=Q Rxc8 33. Rxe6 Rc1+ 34. Kf2 Rc2 35. Rxg6+ Rxg6 36. Ke3 Rc3+ 37. Ke2 Rxa3 38. fxg4 hxg4 39. Qxd5 g3 40. h3 Raa6 41. Ne4 Raf6 42. Nxf6 Rxf6 43. Qe5 Rf2+ 44. Ke3 Rxg2 45. Qf6+ Kh5 46. Qf5+ Kh6 47. Qg4 Rg1 48. Ke4 a5 49. h4 a4 50. Qg5+ Kh7 51. h5 g2 52. Kd5 a3 53. Qg6+ Kh8 54. h6 Re1 55. Qg7# 1-0


[Site "https://www.chess.com"]

[Event "Titled Tuesday Blitz August 3 2021"]
[White "Ivanchuk, Vasyl"]
[Black "Golubev, Mikhail"]
[WhiteFideId "14100010"]
[BlackFideId "14100983"]
[WhiteElo "2762"]
[BlackElo "2597"]
[Result "1-0"]
[Round "09"]
[TimeControl "180+1"]
[Date "2021.08.03"]
[WhiteClock "0:01:15"]
[BlackClock "0:00:21"]

1. e4 c5 2. Nf3 d6 3. d4 cxd4 4. Nxd4 Nf6 5. f3 Nc6 6. c4 Qb6 7. Nc2 g6 8. Nc3 Bg7 9. Rb1 O-O 10. Be3 Qa5 11. Qd2 Be6 12. Be2 Ne5 13. b3 Rfc8 14. Nd4 Bd7 15. O-O a6 16. Rfc1 b5 17. cxb5 axb5 18. b4 Qa3 19. Ndxb5 Bxb5 20. Nxb5 Rxc1+ 21. Rxc1 Qxa2 22. Rc8+ Bf8 23. Qxa2 Rxa2 24. Nc3 Nfd7 25. Nxa2 1-0


[Site "https://www.chess.com"]

[Event "Titled Tuesday Blitz August 3 2021"]
[White "Kalashian, David"]
[Black "Gupta, Abhijeet"]
[WhiteFideId "13302418"]
[BlackFideId "5010608"]
[WhiteElo "2490"]
[BlackElo "2549"]
[Result "0-1"]
[Round "09"]
[TimeControl "180+1"]
[Date "2021.08.03"]
[WhiteClock "0:00:04"]
[BlackClock "0:01:06"]

1. d4 d5 2. Nf3 Nc6 3. Bg5 h6 4. Bh4 g5 5. Bg3 Bg7 6. c3 Nf6 7. Nbd2 Ne4 8. Nxe4 dxe4 9. Nd2 f5 10. e3 e5 11. Nc4 f4 12. Qh5+ Kf8 13. d5 Ne7 14. O-O-O fxg3 15. d6 Nc6 16. fxg3 Be6 17. Be2 Kg8 18. Rhf1 Qe8 19. dxc7 Qxh5 20. Bxh5 Bxc4 21. Bg4 Bxf1 22. Rxf1 h5 23. c8=Q+ Rxc8 24. Bxc8 Nd8 25. Bf5 Rh6 26. Bxe4 Rd6 27. Rd1 Rxd1+ 28. Kxd1 b6 29. h3 Kf7 30. c4 Kf6 31. b4 Bf8 32. a3 a5 33. bxa5 bxa5 34. a4 Ne6 35. Kc2 Bb4 36. Bc6 Nc5 37. Bf3 Nxa4 38. Bxh5 Nc5 39. h4 a4 40. Bd1 a3 41. Kb1 Ne4 42. Bg4 Nc3+ 43. Ka1 Bc5 44. hxg5+ Kxg5 45. Bf3 Bxe3 46. c5 Bc1 0-1


[Site "https://www.chess.com"]

[Event "Titled Tuesday Blitz August 3 2021"]
[White "Karttunen, Mika"]
[Black "Garv Gaur"]
[WhiteFideId "502081"]
[BlackFideId "45030839"]
[WhiteElo "2343"]
[BlackElo "1950"]
[Result "1-0"]
[Round "09"]
[TimeControl "180+1"]
[Date "2021.08.03"]
[WhiteClock "0:00:08"]
[BlackClock "0:00:33"]

1. d4 d5 2. c4 e6 3. Nc3 Nf6 4. Nf3 Be7 5. Bg5 O-O 6. e3 h6 7. Bxf6 Bxf6 8. cxd5 exd5 9. Bd3 Be6 10. O-O Nd7 11. Qc2 c5 12. Bh7+ Kh8 13. Bf5 cxd4 14. exd4 Nb6 15. Bxe6 fxe6 16. Rfe1 Qd7 17. Re2 Rfe8 18. Rae1 Rac8 19. Qg6 Nc4 20. Nd1 Kg8 21. Ne3 Qf7 22. Qd3 b5 23. Ng4 a6 24. b3 Nd6 25. Nge5 Bxe5 26. Nxe5 Qf5 27. Qe3 Ne4 28. Rc1 Rxc1+ 29. Qxc1 Rf8 30. f3 Ng5 31. h4 Nf7 32. Qe1 Nd6 33. Nd7 Re8 34. Nc5 Qf6 35. Rxe6 Qxd4+ 36. Kh1 Qxc5 37. Rxe8+ Nxe8 38. Qxe8+ Kh7 39. h5 Qc1+ 40. Kh2 Qf4+ 41. Kg1 Qf5 42. Kf2 Qc2+ 43. Kg3 Qf5 44. Kf2 d4 45. Qe4 Qxe4 46. fxe4 g6 47. hxg6+ Kxg6 48. Ke2 Kf6 49. Kd3 Ke5 50. b4 h5 51. g3 Ke6 52. Kxd4 Kd6 53. e5+ Ke6 54. Ke4 Ke7 55. Kf5 Kf7 56. e6+ Ke7 57. Ke5 h4 58. gxh4 1-0


[Site "https://www.chess.com"]